 Dungeon Sprint DCSS version 0.17-a0-1447-g3d113ad (webtiles) character file.

87 nuthulu the Grappler (level 7, -7/79 HPs)
             Began as a Troll Berserker on June 29, 2015.
             Was a High Priest of Trog.
             Mangled by a merfolk
             ... wielding a +0 trident
              (23 damage)
             ... in the Dungeon (Sprint VI: "Thunderdome").
             The game lasted 00:02:40 (393 turns).

nuthulu the Grappler (Troll Berserker)               Turns: 393, Time: 00:02:40

Health: -7/79      AC:  5    Str: 28    XL:     7   Next: 25%
Magic:  6/6        EV: 14    Int:  1    God:    Trog [*****.]
Gold:   160        SH:  0    Dex: 13    Spells: 0 memorised, 6 levels left

rFire  . . .     SeeInvis .       - Unarmed
rCold  + + +     Clarity  .     a - +0 animal skin
rNeg   + + .     SustAt   .     (no shield)
rPois  .         Gourm    +     (helmet restricted)
rElec  +         Spirit   .     (no cloak)
rCorr  .         Warding  .     (gloves unavailable)
rMut   +         NoTele   +     (boots unavailable)
MR     .....                    m - amulet "Cixalikh" {rMut rC++ rN++ Int-2}
Stlth  +.........               o - ring of Impatience {rElec rC+ Stlth-}
                                n - ring of Zoerhin {Dex+4 Stlth+}

@: not resistant to hostile enchantments, very unstealthy
A: unfitting armour, claws 3, fast metabolism 3, gourmand, regeneration 2,
shaggy fur 1, tough skin 2
a: Burn Spellbooks, Berserk, Trog's Hand, Brothers in Arms, Renounce Religion


You were in the Dungeon.
You worshipped Trog.
Trog was extremely pleased with you.
You were not hungry.

You visited 1 branch You collected 340 gold pieces.
You spent 180 gold pieces at shops.

Inventory:

Armour
 a - a +0 animal skin (worn)
Jewellery
 m - the amulet "Cixalikh" (around neck) {rMut rC++ rN++ Int-2}
   (You bought it in a shop in the Dungeon)

   [amulet of resist mutation]

   It protects you from mutation.
   It affects your intelligence (-2).
   It greatly protects you from cold.
   It greatly protects you from negative energy.
 n - the ring of Zoerhin (left claw) {Dex+4 Stlth+}
   (You bought it in a shop in the Dungeon)

   [ring of stealth]

   It affects your dexterity (+4).
   It makes you more stealthy.
 o - the ring of Impatience (right claw) {rElec rC+ Stlth-}
   (You bought it in a shop in the Dungeon)

   [ring of loudness]

   It protects you from cold.
   It insulates you from electricity.
   It makes you less stealthy.
Magical devices
 i - a wand of cold (5)
 j - a wand of fire (5)
Scrolls
 h - 4 scrolls of blinking
 k - 3 scrolls of fog
Potions
 d - 4 potions of heal wounds
 e - 4 potions of haste
 f - 2 potions of magic
 g - a potion of berserk rage
 l - a potion of resistance
Comestibles
 b - 2 bread rations


   Skills:
 + Level 7.7 Fighting
 + Level 8.7 Dodging
 + Level 9.3 Unarmed Combat


You had 6 spell levels left.
You didn't know any spells.

Dungeon Overview and Level Annotations

Branches:
Dungeon (1/1)

Altars:
Dithmenos
Fedhas
Makhleb
Okawaru
Qazlal
Trog
Vehumet
Yredelemnul
Zin
The Shining One
Jiyva
Lugonu

Shops:
D *[%???:(!!!


Innate Abilities, Weirdness & Mutations

You are too large for most types of armour.
You have claws for hands.
Your metabolism is lightning-fast.
You like to eat raw meat.
You heal very quickly.
You are covered in fur (AC +1).
You have very tough skin (AC +2).


Message History

The merfolk is heavily wounded.
The merfolk misses you.
You closely miss the merfolk.
The merfolk is heavily wounded.
The merfolk closely misses you.
You barely miss the merfolk.
The merfolk is heavily wounded.
You claw the merfolk!
The merfolk is almost dead.
The merfolk hits you with a trident!!
* * * LOW HITPOINT WARNING * * *
You closely miss the merfolk.
The merfolk is almost dead.
The merfolk closely misses you.
You miss the merfolk.
The merfolk is almost dead.
You closely miss the merfolk.
The merfolk is almost dead.
The merfolk hits you with a trident!!
You die...

#_.......
###.[..[...
#⌠.....[[.÷
######.8........
##∩___......###..
###∩........8.# #.8
##...".........###..
#⌠m.........###...##
#⌠.@........# #.<.#
#⌠..........# #...#
##.............###..
###∩........8.# .8
##∩.._......# .
######.8.... .
#⌠..... ###... _.


You could see a merfolk (bleeding).

Vanquished Creatures
  Sigmund (D)
  A tarantella (D)
  A spider (D)
  A scorpion (D)
  Jessica (D)
  Terence (D)
  An ooze (D)
  A worm (D)
  An orc (D)
  2 giant cockroaches (D)
  A jackal (D)
  A goblin (D)
13 creatures vanquished.

Vanquished Creatures (collateral kills)
  A boulder beetle (D)
  A spider (D)
2 creatures vanquished.

Grand Total: 15 creatures vanquished

Notes
Turn   | Place    | Note
--------------------------------------------------------------
     0 | D        | nuthulu the Troll Berserker began the quest for the Orb.
     0 | D        | Reached XP level 1. HP: 22/22 MP: 0/0
     1 | D        | Found a viscous altar of Jiyva.
     1 | D        | Found a glowing golden altar of the Shining One.
     2 | D        | Found a blossoming altar of Fedhas.
     2 | D        | Found a stormy altar of Qazlal.
     3 | D        | Found a bloodstained altar of Trog.
     4 | D        | Found Emas's Bee Food.
     4 | D        | Found a glowing silver altar of Zin.
     4 | D        | Found Leilaupn's Identification Station.
     5 | D        | Found Denit's Jewellery.
     5 | D        | Found Xamiuwa Haol's Advanced Armour.
     5 | D        | Round 1.
    13 | D        | Bought a flickering lead amulet for 45 gold pieces
    13 | D        | Bought a clouded wooden ring for 45 gold pieces
    13 | D        | Bought a twitching marble ring for 45 gold pieces
    13 | D        | Identified the amulet of Yliaps {rCorr Str-5 Dex+2 SInv} (You bought it in a shop in the Dungeon)
    14 | D        | Identified the ring of Zoerhin {Dex+4 Stlth+} (You bought it in a shop in the Dungeon)
    15 | D        | Identified the ring of Impatience {rElec rC+ Stlth-} (You bought it in a shop in the Dungeon)
    20 | D        | Bought a bound brass amulet for 45 gold pieces
    20 | D        | Identified the amulet "Cixalikh" {rMut rC++ rN++ Int-2} (You bought it in a shop in the Dungeon)
    49 | D        | Noticed Sigmund
    51 | D        | Found a burning altar of Makhleb.
    52 | D        | Found Zebinez's Magic Scroll Shop.
    53 | D        | Found Ruviunod's Magic Scroll Shop.
    53 | D        | Found Pooczuf's Must-Have Magic.
    54 | D        | Found a shadowy altar of Dithmenos.
    54 | D        | Found Iffeny's Staff Store.
    59 | D        | Noticed Jessica
    62 | D        | Killed Sigmund
    62 | D        | Reached skill level 5 in Fighting
    62 | D        | Reached skill level 5 in Dodging
    62 | D        | Reached skill level 6 in Unarmed Combat
    62 | D        | Reached XP level 2. HP: 29/35 MP: 1/1
    62 | D        | Reached XP level 3. HP: 35/42 MP: 2/2
    62 | D        | Reached XP level 4. HP: 41/50 MP: 3/3
    62 | D        | Reached XP level 5. HP: 47/58 MP: 4/4
    72 | D        | Acquired Trog's second power
    74 | D        | Noticed Terence
    78 | D        | Killed Jessica
    78 | D        | Reached skill level 7 in Unarmed Combat
    80 | D        | Found a radiant altar of Vehumet.
    84 | D        | Killed Terence
   102 | D        | Arena points: 5 (+5) [x1]
   117 | D        | Round 2.
   130 | D        | Found a corrupted altar of Lugonu.
   132 | D        | Found a basalt altar of Yredelemnul.
   217 | D        | Acquired Trog's third power
   222 | D        | Arena points: 33 (+28) [x2]
   294 | D        | Round 3.
   298 | D        | Noticed a spider
   301 | D        | Noticed a tarantella
   301 | D        | Noticed a spider
   311 | D        | Killed a spider
   311 | D        | Reached XP level 6. HP: 38/68 MP: 5/5
   312 | D        | Reached skill level 8 in Unarmed Combat
   315 | D        | Killed a tarantella
   320 | D        | Noticed a boulder beetle
   326 | D        | Killed a spider
   326 | D        | Reached skill level 9 in Unarmed Combat
   326 | D        | Reached XP level 7. HP: 27/78 MP: 6/6
   326 | D        | Killed a boulder beetle
   342 | D        | Found Bynoit's Distillery.
   342 | D        | Found Ysoz's Distillery.
   356 | D        | Found Zeteakot's Bottled Wisdom.
   360 | D        | Arena points: 87 (+54) [x3]
   375 | D        | Round 4.
   377 | D        | Noticed a merfolk
   377 | D        | Found an iron altar of Okawaru.
   393 | D        | Mangled by a merfolk

Vault maps used:
D:        arena_sprint

Action                   |  1- 3 |  4- 6 |  7- 9 || total
-------------------------+-------+-------+-------++-------
Melee: Unarmed           |     7 |    31 |    11 ||    49
Invok: Berserk           |     1 |     1 |       ||     2
       Brothers in Arms  |       |     1 |       ||     1
  Use: Potion            |       |     1 |       ||     1
  Eat: Chunk             |       |     2 |     4 ||     6
